 Dungeon Crawl Stone Soup version 0.22.1-2-g9c5b331383 (webtiles) character file.

7347 Revguard the Carver (level 10, -3/91 HPs)
             Began as a Minotaur Gladiator on Dec 11, 2018.
             Slain by an unseen horror (7 damage)
             ... on level 10 of the Dungeon.
             The game lasted 00:31:32 (9815 turns).

Revguard the Carver (Minotaur Gladiator)            Turns: 9815, Time: 00:31:32

Health: -3/91      AC: 21    Str: 26    XL:     10   Next: 91%
Magic:  9/9        EV: 11    Int:  7    God:
Gold:   618        SH:  0    Dex: 16    Spells: 9/9 levels left

rFire    + + +     SeeInvis .   l - +4 long sword of the Onslaught {pain, Int+2}
rCold    + . .     Gourm    .   (no shield)
rNeg     . . .     Faith    .   b - +0 plate armour
rPois    +         Spirit   .   z - +1 hat
rElec    +         Reflect  .   r - +0 cloak
rCorr    +         Harm     .   (no gloves)
MR       .....                  w - +2 pair of boots
Stlth    ..........             (no amulet)
HPRegen  0.25/turn              G - +3 ring of dexterity
MPRegen  0.11/turn              D - ring of protection from fire

@: mighty, lethally poisoned (-3 -> -3), resistant
A: retaliatory headbutt, hooves 1, horns 2, blink, fire resistance 1, shaggy fur
1
a: Blink


You were on level 10 of the Dungeon.
You were not hungry.

You visited 2 branches of the dungeon, and saw 11 of its levels.

You collected 618 gold pieces.

Inventory:

Hand Weapons
 l - the +4 long sword of the Onslaught (weapon) {pain, Int+2}
   (You found it on level 4 of the Dungeon)

   In the hands of one skilled in necromantic magic, it inflicts extra damage on
   living creatures.
   It affects your intelligence (+2).
 E - a +0 great sword of slicing
Missiles
 d - 3 throwing nets (quivered)
Armour
 b - a +0 plate armour (worn)
 r - a +0 cloak (worn)
 w - a +2 pair of boots (worn)
 z - a +1 hat (worn)
Jewellery
 g - an uncursed ring of magical power
 s - an uncursed ring of attention
 D - a ring of protection from fire (right hand)
 G - a +3 ring of dexterity (left hand)
Wands
 c - a wand of enslavement (9)
 j - a wand of paralysis (13)
 x - a wand of random effects (14)
 F - a wand of digging (6)
Scrolls
 a - a scroll of fog
 e - 3 scrolls of immolation
 h - 4 scrolls of amnesia
 o - 2 scrolls of remove curse
 q - 5 scrolls of teleportation
 t - a scroll of blinking
 v - a scroll of acquirement {unknown}
 y - 2 scrolls of magic mapping {unknown}
 A - a scroll of fear {unknown}
Potions
 i - a potion of might
 k - 3 potions of curing
 m - a potion of resistance
 n - 2 potions of brilliance
 p - a potion of flight
 u - 2 potions of agility
 B - a potion of heal wounds
 C - a potion of lignification
 H - a potion of ambrosia
Comestibles
 f - 22 rations


   Skills:
 + Level 9.4 Fighting
 + Level 13.7 Long Blades
 - Level 2.0 Throwing
 + Level 9.4 Armour
 + Level 6.8 Dodging


You had 9 spell levels left.
You didn't know any spells.
Your spell library contained the following spells:

 Spells                   Type           Power        Failure   Level  Hunger
 Beastly Appendage        Tmut           #.....       99%         1    ##.....
 Summon Small Mammal      Summ           #...         99%         1    ##.....
 Call Imp                 Summ           #.......     100%        2    ###....
 Sticks to Snakes         Tmut           #.......     100%        2    ###....
 Call Canine Familiar     Summ           #.......     100%        3    ####...
 Spider Form              Tmut/Pois      #.........   100%        3    ####...
 Summon Guardian Golem    Hex/Summ       #.......     100%        3    ####...
 Ice Form                 Ice/Tmut       #.......     100%        4    #####..
 Summon Ice Beast         Ice/Summ       #.......     100%        4    #####..
 Summon Lightning Spire   Summ/Air       #.......     100%        4    #####..
 Blade Hands              Tmut           #.........   100%        5    ######.


Dungeon Overview and Level Annotations

Branches:
Dungeon (10/15)            Temple (1/1) D:4
   Lair: D:8-11         Orc: D:9-12

Altars:
Ashenzari
Cheibriados
Dithmenos
Elyvilon
Fedhas
Gozag
Hepliaklqana
Kikubaaqudgha
Makhleb
Nemelex Xobeh
Okawaru
Qazlal
Ru
Sif Muna
Trog
Uskayaw
Vehumet
Wu Jian
Xom
Yredelemnul
Zin
The Shining One

Shops:
D:7 (


Innate Abilities, Weirdness & Mutations

You reflexively headbutt those who attack you in melee.
You have a pair of horns on your head.
You have large cloven feet.
You can translocate small distances at will.
Your flesh is heat resistant. (rF+)
You are covered in fur. (AC +1)


Message History

* * * LOW HITPOINT WARNING * * *
Something hits you but does no damage. The orc misses you.
You furiously retaliate!
You headbutt the orc!!
You kill the orc!
Something hits you.
* * * LOW HITPOINT WARNING * * *
The orc hits you with a club.
* * * LOW HITPOINT WARNING * * *
Things that are here:
a short sword; an orc corpse You slash the orc!
You kill the orc!
You feel sick. Something hits you but does no damage.
You slice something!! You headbutt something. Something hits you!
* * * LOW HITPOINT WARNING * * *
Something hits you but does no damage.
You feel sick. Something completely misses you. Something hits you!
* * * LOW HITPOINT WARNING * * *
Something hits you!
You die...

... .. .. #.
#.############
###......$......
###../.)..<.....#
......))........#
.......†@.......#
##............).#
##.............#
#.............#
#...............
#...#<..########
#...#...#
#####...#


There were no monsters in sight!

Vanquished Creatures
  2 ugly things
  Psyche (D:8)
  A gargoyle (D:8)
  Grinder (D:3)
  2 hornets (D:9)
  2 trolls
  Prince Ribbit (D:6)
  A hippogriff (D:9)
  3 yaks (D:9)
  Menkaure (D:6)
  A soldier ant (D:9)
  A water moccasin (D:9)
  Duvessa (D:6)
  A phantom (D:4)
  3 ice beasts
  6 ogres
  2 sky beasts
  2 centaurs (D:6)
  4 bullfrogs (D:6)
  Dowan (D:6)
  A wyvern skeleton (D:8)
  4 scorpions
  6 killer bees (D:9)
  7 wights
  2 vampire bats (D:9)
  A howler monkey (D:4)
  A bullfrog zombie (D:7)
  2 centaur zombies
  A crimson imp (D:7)
  6 orc priests
  4 bullfrog skeletons
  3 jellies
  3 orc wizards
  2 hounds
  Crazy Yiuf (D:3)
  A centaur skeleton (D:4)
  3 iguanas
  3 worker ants
  2 hound skeletons (D:6)
  A howler monkey zombie (D:6)
  A worker ant zombie (D:5)
  Robin (D:3)
  11 gnolls
  14 adders
  A shadow imp (D:8)
  2 adder skeletons
  2 worms (D:2)
  A dart slug (D:5)
  6 leopard geckos
  28 orcs
  A ball python (D:1)
  3 bat skeletons (D:9)
  3 bat zombies (D:9)
  11 giant cockroaches
  22 goblins
  15 hobgoblins
  3 jackals (D:1)
  5 quokkas
  4 bats
  8 frilled lizards
  12 kobolds
  A leopard gecko skeleton (D:3)
  A quokka skeleton (D:8)
  15 rats
  A fungus (D:3)
263 creatures vanquished.

Notes
Turn   | Place    | Note
-------+----------+-------------------------------------------
     0 | D:1      | Revguard the Minotaur Gladiator began the quest for the
                  | Orb.
     0 | D:1      | Reached XP level 1. HP: 18/18 MP: 0/0
    47 | D:1      | Reached skill level 4 in Long Blades
    47 | D:1      | Reached XP level 2. HP: 25/25 MP: 1/1
   348 | D:1      | Reached XP level 3. HP: 26/30 MP: 2/2
  1127 | D:2      | Reached skill level 1 in Armour
  1136 | D:2      | Reached XP level 4. HP: 30/38 MP: 3/3
  1150 | D:2      | Gained mutation: You are agile. (Dex +2) [potion of
                  | mutation]
  1150 | D:2      | Gained mutation: You are dopey. (Int -2) [potion of
                  | mutation]
  1150 | D:2      | Gained mutation: You possess an exceptional clarity of
                  | mind. [potion of mutation]
  1150 | D:2      | Gained mutation: You are covered in fur. (AC +1) [potion of
                  | mutation]
  1661 | D:2      | Reached skill level 5 in Long Blades
  1743 | D:2      | Lost mutation: You are dopey. (Int -2) [potion of mutation]
  1743 | D:2      | Lost mutation: You are agile. (Dex +2) [potion of mutation]
  1743 | D:2      | Lost mutation: You possess an exceptional clarity of mind.
                  | [potion of mutation]
  1743 | D:2      | Gained mutation: Your muscles are strong. (Str +2) [potion
                  | of mutation]
  1743 | D:2      | Gained mutation: Your magical capacity is low. (-10% MP)
                  | [potion of mutation]
  1743 | D:2      | Gained mutation: Your mind is acute. (Int +2) [potion of
                  | mutation]
  1744 | D:2      | Lost mutation: Your mind is acute. (Int +2) [potion of
                  | mutation]
  1744 | D:2      | Lost mutation: Your muscles are strong. (Str +2) [potion of
                  | mutation]
  1744 | D:2      | Lost mutation: Your magical capacity is low. (-10% MP)
                  | [potion of mutation]
  1744 | D:2      | Gained mutation: Your flesh is heat resistant. (rF+)
                  | [potion of mutation]
  1744 | D:2      | Gained mutation: You can translocate small distances at
                  | will. [potion of mutation]
  1744 | D:2      | Gained mutation: You have large cloven feet. [potion of
                  | mutation]
  1913 | D:2      | Reached XP level 5. HP: 45/45 MP: 4/4
  2197 | D:3      | Noticed Grinder
  2203 | D:3      | Killed Grinder
  2203 | D:3      | Reached skill level 6 in Long Blades
  2203 | D:3      | Reached XP level 6. HP: 25/52 MP: 5/5
  2605 | D:3      | Noticed Robin
  2618 | D:3      | Killed Robin
  2804 | D:3      | Reached skill level 5 in Dodging
  2988 | D:3      | Noticed a sky beast
  2993 | D:3      | Killed a sky beast
  2993 | D:3      | Reached skill level 7 in Long Blades
  2993 | D:3      | Reached XP level 7. HP: 58/60 MP: 6/6
  3603 | D:3      | Found a runed door.
  3607 | D:3      | Noticed Crazy Yiuf
  3610 | D:3      | Killed Crazy Yiuf
  3744 | D:4      | Reached skill level 8 in Long Blades
  3771 | D:4      | Reached skill level 5 in Fighting
  4019 | D:4      | Reached XP level 8. HP: 60/68 MP: 7/7
  4203 | D:4      | Found a glowing golden altar of the Shining One.
  4304 | D:4      | Got a crystal long sword
  4308 | D:4      | Identified the +4 long sword of the Onslaught {pain, Int+2}
                  | (You found it on level 4 of the Dungeon)
  4311 | D:4      | Found a staircase to the Ecumenical Temple.
  4340 | Temple   | Entered the Ecumenical Temple
  4848 | D:5      | Entered Level 5 of the Dungeon
  4937 | D:5      | Reached skill level 9 in Long Blades
  5836 | D:5      | Found a blossoming altar of Fedhas.
  5919 | D:6      | Reached skill level 5 in Armour
  5970 | D:6      | Noticed Dowan
  5971 | D:6      | Noticed Duvessa
  5982 | D:6      | Killed Duvessa
  5998 | D:6      | Killed Dowan
  6051 | D:6      | Reached skill level 10 in Long Blades
  6083 | D:6      | Noticed Menkaure
  6090 | D:6      | Killed Menkaure
  6090 | D:6      | Reached XP level 9. HP: 29/78 MP: 8/8
  6095 | D:6      | Found a basalt altar of Yredelemnul.
  6105 | D:6      | Noticed Prince Ribbit
  6124 | D:6      | Killed Prince Ribbit
  7039 | D:7      | Reached skill level 11 in Long Blades
  7135 | D:7      | Found a burning altar of Makhleb.
  7253 | D:7      | You fall through a shaft for 2 floors!
  7422 | D:9      | Reached skill level 12 in Long Blades
  7427 | D:9      | Reached XP level 10. HP: 62/88 MP: 9/9
  7818 | D:9      | Noticed a red ugly thing
  7833 | D:9      | Killed a red ugly thing
  7956 | D:9      | Paralysed by a hornet for 3 turns
  7960 | D:9      | Reached skill level 13 in Long Blades
  8237 | D:9      | Found an ancient bone altar of Kikubaaqudgha.
  8436 | D:8      | Noticed a dagger
  8436 | D:8      | Noticed a dagger
  8438 | D:8      | Found a hide-covered altar of Uskayaw.
  8785 | D:8      | Noticed Psyche
  8799 | D:8      | Killed Psyche
  8833 | D:8      | Noticed a gargoyle
  8852 | D:8      | Killed a gargoyle
  9398 | D:7      | Found Ynisokot's Weapon Shoppe.
  9791 | D:10     | Entered Level 10 of the Dungeon
  9791 | D:10     | Noticed a purple ugly thing
  9806 | D:10     | Killed a purple ugly thing
  9815 | D:10     | HP: 4/91 [something (8)]
  9815 | D:10     | Slain by an unseen horror

Skill      XL: |  1  2  3  4  5  6  7  8  9 10 |
---------------+-------------------------------+-----
Long Blades    | 4 5 6 7 8 10 12 13 | 13.7
Dodging        | 4 5 6 |  6.8
Fighting       | 3 4 5 6 7 9 |  9.4
Armour         | 1 2 3 4 5 7 9 |  9.4
Throwing       | |  2.0

Action                   |  1- 3 |  4- 6 |  7- 9 | 10-12 || total
-------------------------+-------+-------+-------+-------++-------
Melee: Long sword        |    54 |   108 |   279 |   141 ||   582
       Headbutt          |    13 |    22 |    67 |    43 ||   145
       Kick              |       |    19 |    69 |       ||    88
  Use: Potion            |     1 |     4 |     1 |     3 ||     9
       Scroll            |       |     6 |     7 |     8 ||    21
  Eat: Chunk             |       |     6 |    11 |     2 ||    19
       Ration            |       |       |     1 |     2 ||     3
Armor: Leather armour    |    10 |    21 |    27 |       ||    58
       Plate armour      |       |       |    75 |   134 ||   209
       Chain mail        |       |       |    12 |       ||    12
Dodge: Dodged            |    43 |    84 |   123 |    84 ||   334
       Rpst.: Long sword |     9 |    24 |    29 |    22 ||    84
